 Dungeon Crawl Stone Soup version 0.24.0-125-gc4c63601f3 (webtiles) character file.

Game seed: 11008785078880602621, levelgen mode: deterministic

22 Lemonice the Caller (level 2, -2/21 HPs)
             Began as a Barachi Summoner on Feb 21, 2020.
             Slain by a leopard gecko (5 damage)
             ... on level 3 of the Dungeon.
             The game lasted 00:03:33 (1209 turns).

Lemonice the Caller (Barachi Summoner)              Turns: 1209, Time: 00:03:35

Health: -2/21      AC:  3    Str:  9    XL:     2   Next: 91%
Magic:  4/5        EV: 12    Int: 15    God:
Gold:   19         SH:  0    Dex: 12    Spells: 4/5 levels left

rFire    . . .     SeeInvis .   e - +0 trident
rCold    . . .     Gourm    .   (no shield)
rNeg     . . .     Faith    .   a - +0 robe
rPois    .         Spirit   .   m - +1 hat
rElec    .         Reflect  .   (no cloak)
rCorr    .         Harm     .   (no gloves)
MR       .....                  (no boots)
Stlth    ++........             l - amulet of inaccuracy (curse)
HPRegen  0.07/turn              (no ring)
MPRegen  0.09/turn              (no ring)

@: slow
A: +LOS, swims, slowness 1, strong legs 1
a: Hop


You were on level 3 of the Dungeon.
You were hungry.

You visited 1 branch of the dungeon, and saw 3 of its levels.

You collected 19 gold pieces.

Inventory:

Hand Weapons
 d - a +0 club
 e - a +0 trident (weapon)
 g - a +0 dagger
Armour
 a - a +0 robe (worn)
 m - a +1 hat (worn)
Jewellery
 l - a cursed amulet of inaccuracy (around neck)
Potions
 h - a potion of curing {unknown}
 k - a potion of mutation
Comestibles
 c - 2 rations


   Skills:
 + Level 1.0 Fighting
 + Level 2.4 Dodging
 - Level 1.7 Stealth
 + Level 2.4 Spellcasting
 + Level 5.3 Summonings


You had 4 spell levels left.
You knew the following spells:

 Your Spells              Type           Power        Failure   Level  Hunger
a - Summon Small Mammal   Summ           ###.         2%          1    #......

Your spell library contained the following spells:

 Spells                   Type           Power        Failure   Level  Hunger
 Call Imp                 Summ           ###.....     3%          2    ###....
 Call Canine Familiar     Summ           ###.....     7%          3    ###....
 Summon Guardian Golem    Hex/Summ       #.......     22%         3    ###....
 Summon Ice Beast         Ice/Summ       #.......     56%         4    #####..
 Summon Lightning Spire   Summ/Air       #.......     56%         4    #####..


Dungeon Overview and Level Annotations

Branches:
Dungeon (2/15)

Altars:


Innate Abilities, Weirdness & Mutations

Shadows flee at your approach. (+LOS)
You can swim through water.
You cover ground slowly.
You can hop short distances.


Message History

Press: ? - help, Dir - move target cursor, f/p - leopard gecko
Aim: a leopard gecko (moderately wounded, clinging)
You closely miss the leopard gecko.
The leopard gecko is moderately wounded.
Your bat hits the leopard gecko.
Your bat hits the leopard gecko but does no damage. x2
The leopard gecko bites you.
* * * LOW HITPOINT WARNING * * *
Your rat misses the leopard gecko.
The leopard gecko bites you but does no damage.
Attack whom?
Press: ? - help, Dir - move target cursor, f/p - leopard gecko
Aim: a leopard gecko (heavily wounded, clinging)
You barely miss the leopard gecko.
The leopard gecko is heavily wounded.
Your bat barely misses the leopard gecko.
Your bat hits the leopard gecko but does no damage.
Your bat closely misses the leopard gecko.
Your rat bites the leopard gecko.
The leopard gecko bites you.
You die...

##### ##### ....
.... ...#####.###
#######.#.......#
#.....#.........#
#.###.###.†.....#
#.# #....##'##@##
#r# ####....##lb#
#.# ########r#
#.######
#.###.#.#
#)##...#
#....%..#
#.##.#.#
#.........
###..†.#.#
#......##.
.....#...######
##.##'##
#..#.#.##.....#
.. .#


You could see a leopard gecko, a friendly bat and a friendly rat.

Vanquished Creatures
  A giant cockroach (D:1)
  A goblin (D:1)
  A quokka (D:3)
  5 frilled lizards
  5 rats
13 creatures vanquished.

Vanquished Creatures (collateral kills)
  A worm (D:2)
  A dart slug (D:1)
  A leopard gecko (D:3)
  A giant cockroach (D:3)
  3 hobgoblins
  2 jackals (D:1)
  A frilled lizard (D:1)
  2 rats (D:1)
12 creatures vanquished.

Grand Total: 25 creatures vanquished

Notes
Turn   | Place    | Note
-------+----------+-------------------------------------------
     0 | D:1      | Lemonice the Barachi Summoner began the quest for the Orb.
     0 | D:1      | Reached XP level 1. HP: 13/13 MP: 3/3
    45 | D:1      | Reached skill level 5 in Summonings
   183 | D:1      | Reached XP level 2. HP: 10/19 MP: 0/5
   798 | D:2      | You fall into a shaft and drop 1 floor!
   925 | D:3      | Reached skill level 1 in Fighting
  1209 | D:3      | Slain by a leopard gecko

Levels and vault maps discovered:
D:1:      dpeg_arrival_boxorama, layout_loops_cross
D:2:      layout_loops_corners, first_ration, bloody_makhleb
D:3:      layout_basic, minmay_misc_feat_nine_boxes

Skill      XL: |  1  2 |
---------------+-------+-----
Summonings     | 5 |  5.3
Fighting       | 1 |  1.0
Dodging        | |  2.4
Stealth        | |  1.7
Spellcasting   | |  2.4

Action                   || total
-------------------------++-------
Melee: Unarmed           ||    32
       Club              ||     8
       Dagger            ||    61
       Trident           ||    20
 Cast: Summon Small Mamm ||    21
  Use: Scroll            ||     4
 Stab: Sleeping          ||     2
       Distracted        ||     1
  Eat: Chunk             ||     1
Armor: Robe              ||    23
Dodge: Dodged            ||    84
